 Dungeon Crawl Stone Soup version 0.32-a0-898-g7811c86cf0 (webtiles) character file.

Game seed: 1436964491037938628

15930 Rabblemaster the Cleaver (level 12, -6/94 HPs)
             Began as a Coglin Berserker on Apr 4, 2024.
             Was a High Priest of Trog.
             Mangled by a fire elemental (11 damage)
             ... summoned by a deep elf pyromancer
             ... on level 12 of the Dungeon.
             The game lasted 00:13:56 (11297 turns).

Rabblemaster the Cleaver (Coglin Berserker)        Turns: 11297, Time: 00:13:57

Health: -6/94      AC: 14    Str: 22    XL:     12   Next: 32%
Magic:  12/12      EV: 12    Int:  7    God:    Trog [*****.]
Gold:   383        SH:  0    Dex: 14    Spells: 11/11 levels left

rFire   . . .        A - +5 war axe {Qiuyue}
rCold   . . .        C - +5 war axe (freeze) {Ekveer}
rNeg    . . .        b - +4 scale mail
rPois   .            t - +1 hat
rElec   +            m - scarf of Insatiable Hunger {shadows, ^Contam +Blink rElec Will+++}
rCorr   .            v - +0 pair of gloves
SInv    .            (no boots)
Will    +++..        (amulet unavailable) Stlth
                     (ring unavailable)
HPRegen 0.35/turn    (ring unavailable)
MPRegen 0.13/turn    (no gizmo)

%: no passive effects
@: on fire, on berserk cooldown, slowed, glowing, revving, very slow
A: off-hand wielding, slow wielding, warmup strikes, no jewellery
a: Invent Gizmo, Renounce Religion, Evoke Blink, Berserk, Trog's Hand, Brothers
in Arms


You were on level 12 of the Dungeon.
You worshipped Trog.
Trog was extremely pleased with you.
You visited 2 branches of the dungeon, and saw 13 of its levels.
You visited 1 bazaar.

You collected 715 gold pieces.
You spent 332 gold pieces at shops.

Inventory:

Hand Weapons
 A - a +5 war axe (weapon) {Qiuyue}
 C - a +5 war axe of freezing (offhand) {Ekveer}
 M - a -1 demon whip of venom
Missiles
 y - 7 throwing nets {=f!f}
 I - 2 curare-tipped darts {=f}
Armour
 b - a +4 scale mail (worn)
 k - a +1 cloak
 m - the scarf of Insatiable Hunger (worn) {shadows, ^Contam +Blink rElec Will+++}
   (You bought it in a shop in a bazaar)

   rElec:     It insulates you from electricity.
   Will+++:   It greatly increases your willpower.
   +Blink:    It lets you blink.
   ^Contam:   It causes magical contamination when unequipped.
 t - a +1 hat (worn)
 v - a +0 pair of gloves (worn)
 D - a +0 plate armour
Wands
 a - a wand of digging (7)
 p - a wand of flame (41)
 N - a wand of light (1)
Scrolls
 e - 6 scrolls of teleportation {@r4}
 f - a scroll of blinking {!r}
 j - a scroll of poison {!r}
 l - 2 scrolls of immolation {!r!r}
 n - 2 scrolls of enchant armour
 o - 3 scrolls of identify {@r1}
 u - 4 scrolls of fear
 w - a scroll of brand weapon
 x - 3 scrolls of amnesia
 B - a scroll of enchant weapon
 E - a scroll of revelation
 G - 2 scrolls of torment {!r}
 H - a scroll of vulnerability {!r!r}
 J - 2 scrolls of noise {!r}
Potions
 c - 2 potions of haste {unknown}
 d - 2 potions of ambrosia
 g - 2 potions of might
 h - 8 potions of curing {@q1}
 i - 3 potions of brilliance
 r - 3 potions of attraction {!q}
 s - 9 potions of degeneration {!q}
 F - a potion of invisibility {unknown}
 K - 2 potions of mutation {!q}
 L - a potion of magic {unknown}
Miscellaneous
 z - a phial of floods


   Skills:
 + Level 8.6 Fighting
 * Level 14.5 Axes
 + Level 7.5 Armour
 + Level 7.5 Dodging


You had 11 spell levels left.
You didn't know any spells.
Your spell library was empty.

Dungeon Overview and Level Annotations

Branches:
Dungeon (12/15)            Temple (1/1) D:7            Lair (0/5) D:11
    Orc (0/2) D:9

Altars:
Ashenzari
Cheibriados
Dithmenos
Elyvilon
Fedhas
Gozag
Hepliaklqana
Kikubaaqudgha
Makhleb
Nemelex Xobeh
Okawaru
Qazlal
Ru
Sif Muna
Trog
Uskayaw
Vehumet
Wu Jian
Xom
Yredelemnul
Zin
The Shining One

Shops:
D:7 !

Annotations:
D:8 1 runed translucent door, Gruesome's ghost, novice OpFE
D:9 2 transporters, Takeo's ghost, journeyman CoHu
D:11 2 transporters, Lanoc's ghost, journeyman CoWn


Innate Abilities, Weirdness & Mutations

You can wield a second weapon in your off-hand.
It takes a long time for you to wield or remove held weapons.
Your first few attacks do less damage.
You cannot equip rings or amulets.


Message History

You slice the boulder beetle with your +5 war axe!!
You hit the boulder beetle but do no damage.
The boulder beetle bites you.
You slash the boulder beetle with your +5 war axe!
You slash the boulder beetle with your +5 war axe of freezing!
You freeze the boulder beetle!
The boulder beetle leaps!
The deep elf pyromancer points at you and mumbles some strange words.
The bolt of fire hits you!
* * * LOW HITPOINT WARNING * * *
Unknown command.
The deep elf pyromancer mumbles some strange words.
The deep elf pyromancer blinks!
You see here a vampire mosquito corpse.
Unknown command.
Aiming: Bolt of Light
Press: ? - help, Q - select action, (/) - cycle Shift-Dir - straight line, f - deep elf pyromancer
Aim: a deep elf pyromancer, wielding a +0 long sword and wearing a +0 scale mail (lightly wounded, 64% to hit)
The bolt of light hits the deep elf pyromancer!
The deep elf pyromancer is blinded.
The boulder beetle curls into a ball and begins rolling!
The deep elf pyromancer gestures at you while chanting.
The pyre arrow hits you.
You are covered in intense liquid fire!
The deep elf pyromancer mumbles some strange words.
Unknown command.
You miss the deep elf pyromancer with your +5 war axe of freezing.
You hit the boulder beetle but do no damage.
You barely miss the deep elf pyromancer with your +5 war axe.
You hit the boulder beetle with your +5 war axe.
The liquid fire burns you!
* * * LOW HITPOINT WARNING * * *
The boulder beetle hits you!
* * * LOW HITPOINT WARNING * * *
The boulder beetle stops rolling and uncurls.
The deep elf pyromancer hits you with a +0 long sword.
* * * LOW HITPOINT WARNING * * *
Unknown command.
You feel much better. The liquid fire burns you!
* * * LOW HITPOINT WARNING * * *
The fire elemental hits you. The fire elemental burns you!
* * * LOW HITPOINT WARNING * * *
The boulder beetle leaps!
The deep elf pyromancer barely misses you.
The fire elemental hits you. The fire elemental burns you!
* * * LOW HITPOINT WARNING * * *
The fire elemental hits you.
* * * LOW HITPOINT WARNING * * *
The fire elemental burns you!
You die...

...# ...# .##### .°#
######## .....)
.B######.##.... #....
#.#.....>...##. #....
#.######..####. ...
#○#..##..#####.
.####e###)#...^....)...
....○E@○†B#.....:#####.
#..°°E.......##.## ##
###.......#..##.# #
####.?..#..#..#######
####.#..>.........
..####.###.#### ..# #.#
#.# ...# #.# #.# .# #.#
#.#


You could see a boulder beetle, a deep elf pyromancer (blind, unable to see you)
and 2 fire elementals.

Vanquished Creatures
  Erica (D:9)
  2 two-headed ogres (D:12)
  A boulder beetle (D:11)
  Amaemon (D:9)
  2 manticores
  A cyclops (D:12)
  An orange demon (D:9)
  A komodo dragon (D:11)
  5 trolls
  2 vampires (D:11)
  2 wraiths (D:12)
  26 yaks
  4 wyverns
  A basilisk (D:11)
  10 vampire mosquitoes
  A steam dragon (D:7)
  2 water moccasins
  An acid dragon (D:9)
  2 orc warriors
  3 ice beasts (D:7)
  A black bear (D:6)
  An ogre (D:6)
  A sky beast (D:7)
  2 centaurs
  3 phantoms
  5 kobold brigands
  2 bullfrogs (D:8)
  2 gnoll sergeants
  4 scorpions
  14 wights
  9 killer bees
  A hound (D:5)
  A jelly (D:6)
  2 orc priests
  2 iguanas
  5 orc wizards
  8 gnolls
  6 adders
  2 white imps
  A ribbon worm (D:3)
  21 orcs
  8 endoplasms
  4 giant cockroaches (D:1)
  7 goblins
  3 hobgoblins
  17 jackals
  5 quokkas
  9 ball pythons
  5 bats
  5 frilled lizards
  29 kobolds
  5 rats
259 creatures vanquished.

Notes
Turn   | Place    | Note
-------+----------+-------------------------------------------
     0 | D:1      | Rabblemaster the Coglin Berserker began the quest for the
                  | Orb.
     0 | D:1      | Reached XP level 1. HP: 18/18 MP: 1/1
    87 | D:1      | Reached XP level 2. HP: 24/24 MP: 2/2
   313 | D:1      | Reached XP level 3. HP: 29/29 MP: 3/3
   434 | D:1      | Reached ** piety under Trog
  1041 | D:2      | Reached XP level 4. HP: 35/35 MP: 4/4
  1400 | D:3      | Reached skill level 4 in Axes
  1408 | D:3      | Reached *** piety under Trog
  2017 | D:4      | Reached XP level 5. HP: 41/41 MP: 5/5
  2382 | D:4      | Reached skill level 5 in Axes
  2528 | D:4      | Reached XP level 6. HP: 47/47 MP: 6/6
  2677 | D:5      | Entered Level 5 of the Dungeon
  2677 | D:5      | Noticed a water moccasin
  2688 | D:5      | Killed a water moccasin
  2689 | D:5      | Reached skill level 6 in Axes
  2880 | D:5      | Reached skill level 7 in Axes
  2880 | D:5      | Reached XP level 7. HP: 47/52 MP: 7/7
  3003 | D:5      | Found a broken altar of Ashenzari.
  3004 | D:5      | Found a glowing golden altar of the Shining One.
  3007 | D:5      | Reached **** piety under Trog
  3517 | D:5      | Reached skill level 8 in Axes
  4009 | D:5      | Reached XP level 8. HP: 9/58 MP: 8/8
  4301 | D:6      | Reached skill level 9 in Axes
  4724 | D:6      | Reached skill level 10 in Axes
  4758 | D:6      | Found an ornate altar of the Wu Jian Council.
  5105 | D:7      | Reached skill level 3 in Armour
  5119 | D:7      | Reached skill level 3 in Dodging
  5152 | D:7      | Found a staircase to the Ecumenical Temple.
  5196 | D:7      | Reached XP level 9. HP: 58/65 MP: 9/9
  5690 | D:7      | Found Oluc Wiu's Distillery.
  5922 | D:7      | Reached skill level 11 in Axes
  6057 | Temple   | Entered the Ecumenical Temple
  6515 | D:8      | Found a radiant altar of Vehumet.
  6523 | D:8      | Found a runed translucent door.
  6527 | D:8      | Noticed Gruesome's ghost (novice OpFE)
  6528 | D:8      | Noticed a tengu conjurer
  6807 | D:9      | Noticed a hornet
  6809 | D:9      | Noticed a hornet
  6810 | D:9      | Noticed Takeo's ghost (journeyman CoHu)
  6812 | D:9      | Noticed a boulder beetle
  6812 | D:9      | Noticed a catoblepas
  6817 | D:9      | Noticed a six-headed hydra
  6821 | D:9      | Found a transporter.
  6872 | D:9      | Reached XP level 10. HP: 70/74 MP: 10/10
  7325 | D:9      | Found an iron altar of Okawaru.
  7384 | D:9      | Noticed Erica
  7392 | D:9      | Killed Erica
  7393 | D:9      | Reached skill level 6 in Fighting
  7393 | D:9      | Reached skill level 12 in Axes
  7600 | D:9      | Found a staircase to the Orcish Mines.
  7718 | D:9      | Noticed a cyclops
  7721 | D:9      | Found a transporter.
  7726 | D:9      | Identified the +2 ring mail of the Devil's Advocate {+Inv}
  7830 | D:9      | Noticed an orange demon
  7831 | D:9      | Noticed Amaemon
  7840 | D:9      | Killed an orange demon
  7847 | D:9      | Killed Amaemon
  8097 | D:10     | Entered Level 10 of the Dungeon
  8103 | D:10     | Found a blossoming altar of Fedhas.
  8104 | D:10     | Found a white marble altar of Elyvilon.
  8402 | D:10     | Reached ***** piety under Trog
  8403 | D:10     | Reached XP level 11. HP: 75/83 MP: 11/11
  8513 | D:10     | Reached skill level 6 in Armour
  8513 | D:10     | Reached skill level 6 in Dodging
  8514 | D:10     | Reached skill level 13 in Axes
  8916 | D:11     | Found a frozen archway.
  8928 | D:11     | Found a flickering gateway to a bazaar.
  8989 | Bazaar   | Entered a bazaar
  9080 | Bazaar   | Found Jissodal's Assorted Antiques.
  9081 | Bazaar   | Found Hosuts's Antique Armour Emporium.
  9107 | Bazaar   | Found Piqolaaw's Armour Shop.
  9107 | Bazaar   | Found Gamokk's Book Boutique.
  9129 | Bazaar   | Found Nolomir's Book Shoppe.
  9156 | Bazaar   | Found Keplat's General Store.
  9163 | Bazaar   | Bought a scroll of blinking for 82 gold pieces
  9181 | Bazaar   | Bought a heavily runed scarf for 250 gold pieces
  9181 | Bazaar   | Identified the scarf of Insatiable Hunger {shadows, ^Contam
                  | +Blink rElec Will+++} (You bought it in a shop in a bazaar)
  9290 | D:11     | Noticed a boulder beetle
  9329 | D:11     | Killed a boulder beetle
  9595 | D:11     | Noticed Lanoc's ghost (journeyman CoWn)
  9600 | D:11     | Noticed a cyclops
  9607 | D:11     | Noticed a sphinx
  9655 | D:11     | Found a transporter.
  9655 | D:11     | Found a transporter.
 10096 | D:11     | Noticed a manticore
 10103 | D:11     | Killed a manticore
 10393 | D:11     | Reached skill level 14 in Axes
 10559 | D:11     | Found a staircase to the Lair.
 10803 | D:12     | Noticed a cyclops
 10808 | D:12     | Killed a cyclops
 10809 | D:12     | Reached XP level 12. HP: 92/92 MP: 12/12
 10910 | D:12     | Noticed a two-headed ogre
 10917 | D:12     | Killed a two-headed ogre
 11265 | D:12     | Noticed a boulder beetle
 11265 | D:12     | Noticed a two-headed ogre
 11272 | D:12     | Killed a two-headed ogre
 11297 | D:12     | Mangled by a fire elemental

Illustrated notes

Levels and vault maps discovered:
D:1:      lightli_arrival_maybe_door_vault, layout_loops_ring, serial_bayou,
          serial_bayou_lagoon_a, serial_bayou_pond_d, serial_bayou_pond_a,
          serial_bayou_pond_b, serial_bayou_pond_a, serial_bayou_pond_d,
          hex_large
D:2:      layout_rooms, hangedman_decor_points
D:3:      layout_basic
D:4:      layout_loops_cross, chequers_serial_rivers_micro_a
D:5:      layout_basic, grunt_temple_overflow_open
D:6:      layout_basic, nicolae_wu_jian_immortal_techniques,
          minmay_crystal_room, blue_anna_alchemist, moated_statue
D:7:      layout_basic, minmay_temple_entry_mist, serial_shops, shop
D:8:      layout_rooms, mainiacjoe_overflow_alcove_1, ebering_ghost_inner_flame
D:9:      layout_cave_pods, amcnicky_altar_gilded, orc_0_dummy,
          nzn_ghost_randoct, minmay_tree_intersection, uniq_erica, uniq_amaemon
D:10:     layout_gridville, mainiacjoe_overflow_divided_tiny
D:11:     layout_cave_pods, david_lair_shrubbed, gammafunk_ghost_arena,
          portal_ice_cave_entry_pillars_2, serial_shops, bzr_entry_dummy
D:12:     minmay_recursive_quarters, layout_rooms
Temple:   nicolae_temple_superstar

Skill      XL: |  1  2  3  4  5  6  7  8  9 10 11 |
---------------+----------------------------------+-----
Armour         | 2 3 4 5 7 |  7.5
Dodging        | 2 3 4 5 7 |  7.5
Axes           | 4 5 7 8 10 11 12 14 | 14.5
Fighting       | 4 5 6 8 |  8.6

Action                     |  1- 3 |  4- 6 |  7- 9 | 10-12 || total
---------------------------+-------+-------+-------+-------++-------
  Melee: Hand axe          |   108 |   130 |    75 |       ||   313
         Dagger            |   103 |   122 |   171 |       ||   396
         Trident           |       |       |   107 |       ||   107
         War axe           |       |       |    50 |   387 ||   437
 Invoke: Berserk           |       |     1 |     1 |     2 ||     4
         Trog's Hand       |       |       |     1 |     1 ||     2
  Evoke: Wand              |       |       |     4 |     1 ||     5
    Use: Scroll            |       |       |    15 |     5 ||    20
         Potion            |       |       |     1 |     1 ||     2
   Stab: Sleeping          |       |     2 |       |       ||     2
 Armour: Animal skin       |    39 |       |       |       ||    39
         Ring mail         |    34 |     5 |       |       ||    39
         Leather armour    |       |    80 |   124 |       ||   204
         Plate armour      |       |       |    52 |   144 ||   196
         Scale mail        |       |       |       |    68 ||    68
  Dodge: Dodged            |   101 |    79 |   107 |   105 ||   392

Table legend: (Time is in decaauts)
 A = Elapsed time spent in this place.
 B = Non-inter-level travel time spent in this place.
 C = Inter-level travel time spent in this place.
 D = Time resting spent in this place.
 E = Time spent auto-exploring this place.
 F = Levels seen in this place.
 G = Mean time per level.
                   A        B        C        D        E       F      G
               +--------+--------+--------+--------+--------+-----+--------+
         Total |  11335 |  10803 |    532 |   1971 |   7247 |  14 |  809.6 |
       Dungeon |  11119 |  10588 |    531 |   1971 |   7115 |  12 |  926.6 |
        Temple |      1 |      1 |      0 |      0 |      0 |   1 |    1.0 |
        Bazaar |    214 |    214 |      0 |      0 |    132 |   1 |  214.0 |
               +--------+--------+--------+--------+--------+-----+--------+

Top non-repeatable levels by time:
    D:11: 1644 daAuts
     D:5: 1385 daAuts
     D:9: 1321 daAuts
     D:6: 1032 daAuts
     D:7: 1014 daAuts
     D:1: 907 daAuts
     D:4: 801 daAuts
    D:10: 794 daAuts
     D:8: 700 daAuts
     D:3: 543 daAuts
    D:12: 519 daAuts
     D:2: 454 daAuts
  Bazaar: 214 daAuts
  Temple: 1 daAuts
